 Dungeon Crawl Stone Soup version 0.20.1-1-g8b1a95d (webtiles) character file.

347 Megalobster the Conjurer (level 6, -4/32 HPs)
             Began as a Deep Elf Conjurer on July 20, 2017.
             Slain by a worker ant (7 damage)
             ... on level 4 of the Dungeon.
             The game lasted 00:11:40 (3257 turns).

Megalobster the Conjurer (Deep Elf Conjurer)        Turns: 3257, Time: 00:11:41

Health: -4/32      AC:  2    Str:  7    XL:     6   Next: 32%
Magic:  1/16       EV: 13    Int: 22    God:
Gold:   153        SH:  0    Dex: 15    Spells: 5/16 levels left

rFire    . . .     SeeInvis .   w - +0 dagger (flame)
rCold    . . .     Gourm    .   (no shield)
rNeg     . . .     Faith    .   a - +0 robe
rPois    .         Spirit   .   (no helmet)
rElec    .         Reflect  .   (no cloak)
rCorr    .         Harm     .   (no gloves)
MR       .....                  (no boots)
Stlth    ++........             (no amulet)
Regen    0.1/turn               f - +2 ring of strength
MPRegen  0.2/turn               t - ring of wizardry

@: no status effects
A: no striking features
a: no special abilities


You were on level 4 of the Dungeon.
You were not hungry.

You visited 1 branch of the dungeon, and saw 4 of its levels.

You collected 153 gold pieces.

Inventory:

Hand Weapons
 i - a +0 dagger
 j - a +0 hunting sling
 s - a cursed -2 short sword
 w - a +0 dagger of flaming (weapon)
 x - a +0 mace
Missiles
 h - 217 stones (quivered)
 l - 5 sling bullets
Armour
 a - a +0 robe (worn)
 v - a +0 large shield
Magical Staves
 r - an uncursed staff of poison
Jewellery
 f - a +2 ring of strength (left hand)
 t - a ring of wizardry (right hand)
 u - an uncursed ring of flight
Scrolls
 e - a scroll of teleportation {unknown}
 g - 5 scrolls of identify {unknown}
 k - a scroll of enchant weapon {unknown}
 p - a scroll of noise {unknown}
 y - a scroll of recharging {unknown}
 z - a scroll of enchant armour {unknown}
 A - a scroll of immolation {unknown}
 B - a scroll of remove curse {unknown}
Potions
 d - 4 potions of curing {unknown}
 m - a potion of flight {unknown}
 o - a potion of magic {unknown}
Books
 b - a book of Conjurations

   Spells                             Type                      Level
   a - Magic Dart                     Conjuration                  1
   b - Searing Ray                    Conjuration                  2
   c - Dazzling Spray                 Conjuration/Hexes            3
   d - Fulminant Prism                Conjuration/Hexes            4
   e - Force Lance                    Conjuration/Translocation    4
   f - Iskenderun's Mystic Blast      Conjuration                  4
Comestibles
 c - 3 bread rations
 n - 4 fruits
 q - 3 meat rations


   Skills:
 - Level 2.4 Dodging
 - Level 2.4 Stealth
 + Level 5.5 Spellcasting
 * Level 6.9 Conjurations
 + Level 2.7 Hexes


You had 5 spell levels left.
You knew the following spells:

 Your Spells              Type           Power        Failure   Level  Hunger
a - Magic Dart            Conj           ####         1%          1    None
b - Searing Ray           Conj           #####.       1%          2    None
c - Iskenderun's Mystic   Conj           #####...     2%          4    ####...
d - Fulminant Prism       Conj/Hex       ####......   5%          4    ####...


Dungeon Overview and Level Annotations

Branches:
Dungeon (4/15)
 Temple: D:4-7

Altars:
Dithmenos
Xom
The Shining One


Message History

You hit the worker ant but do no damage.
The worker ant is severely wounded.
The worker ant misses you.
You hit the worker ant but do no damage.
The worker ant is severely wounded.
The worker ant bites you.
* * * LOW HITPOINT WARNING * * *
The worker ant closely misses you. The worker ant bites you.
* * * LOW HITPOINT WARNING * * *
Casting: Searing Ray
Confirm with . or Enter, or press ? or * to list all spells.
Aiming: Searing Ray
Press: ? - help, Shift-Dir - straight line, f - worker ant
Aim: a worker ant (severely wounded)
The searing ray hits the worker ant.
The worker ant is almost dead. (Press . to maintain the ray.)
The worker ant bites you!
You die...

#.....###
......)>#
#.# #l####
#....###
#####....#
#...l..#.#
#a####.#.#
#.@....#.#
###..#####.#
#..........#
#.##.#######
#..<....#
###.###.###
#.......#
#.#..##.#
).#..##.#


You could see a worker ant.

Vanquished Creatures
  An ogre (D:4)
  A howler monkey (D:4)
  A hound (D:4)
  An orc wizard (D:3)
  4 gnolls (D:2)
  6 adders
  3 oozes
  A worm (D:2)
  A leopard gecko (D:2)
  7 orcs (D:3)
  6 bats
  A giant cockroach (D:2)
  7 goblins
  6 hobgoblins
  3 quokkas
  4 frilled lizards
  6 kobolds
  7 rats
66 creatures vanquished.

Notes
Turn   | Place    | Note
-------+----------+-------------------------------------------
     0 | D:1      | Megalobster the Deep Elf Conjurer began the quest for the Orb.
     0 | D:1      | Reached XP level 1. HP: 10/10 MP: 6/6
   291 | D:1      | Reached XP level 2. HP: 15/15 MP: 5/8
   295 | D:1      | Learned a level 2 spell: Searing Ray
   632 | D:2      | Reached skill level 5 in Conjurations
   731 | D:2      | Found a shimmering altar of Xom.
   835 | D:2      | Reached XP level 3. HP: 19/19 MP: 1/10
  1479 | D:2      | Reached XP level 4. HP: 24/24 MP: 8/12
  1953 | D:3      | Learned a level 4 spell: Iskenderun's Mystic Blast
  1958 | D:3      | Learned a level 4 spell: Fulminant Prism
  1994 | D:3      | Found a shadowy altar of Dithmenos.
  2218 | D:3      | Reached skill level 6 in Conjurations
  2218 | D:3      | Reached XP level 5. HP: 22/28 MP: 8/14
  2312 | D:3      | Reached skill level 1 in Hexes
  2724 | D:3      | Found a glowing golden altar of the Shining One.
  2757 | D:3      | Reached skill level 5 in Spellcasting
  3232 | D:4      | Noticed an ogre
  3236 | D:4      | Killed an ogre
  3236 | D:4      | Reached XP level 6. HP: 32/32 MP: 11/16
  3257 | D:4      | Slain by a worker ant

Skill      XL: |  1  2  3  4  5 |
---------------+----------------+-----
Conjurations   | 5 6 |  6.9
Spellcasting   | 4 5 |  5.5
Hexes          | 2 |  2.7
Dodging        | |  2.4
Stealth        | |  2.4

Action                   |  1- 3 |  4- 6 || total
-------------------------+-------+-------++-------
Melee: Dagger            |       |     3 ||     3
 Cast: Magic Dart        |    54 |    20 ||    74
       Searing Ray       |     2 |    18 ||    20
  Eat: Chunk             |     2 |     5 ||     7
Armor: Robe              |     3 |     2 ||     5
Dodge: Dodged            |     3 |    23 ||    26
